 Dungeon Crawl Stone Soup version 0.29.0-4-gdea44cf6ec (webtiles) character file.

Game seed: 3758206443150797566

3791 qw the Grappler (level 9, -1/88 HPs)
             Began as a Troll Cinder Acolyte on Aug 30, 2022.
             Was an Elder of Ignis.
             Slain by a boulder beetle (20 damage)
             ... on level 7 of the Dungeon.
             The game lasted 00:03:09 (6007 turns).

qw the Grappler (Troll Cinder Acolyte)              Turns: 6007, Time: 00:03:10

Health: -1/88      AC: 11    Str: 28    XL:     9   Next: 95%
Magic:  9/9        EV:  9    Int: 10    God:    Ignis [****..]
Gold:   1166       SH:  0    Dex:  5    Spells: 10/10 levels left

rFire   + . .      SeeInvis .     - Unarmed
rCold   . . .      Faith    .   (no shield)
rNeg    . . .      Spirit   .   a - +0 robe
rPois   .          Reflect  .   (helmet restricted)
rElec   .          Harm     .   (no cloak)
rCorr   .          Rampage  .   (gloves unavailable)
Will    .....                   (boots unavailable)
Stlth   +.........              (no amulet)
HPRegen 1.04/turn               (no ring)
MPRegen 0.11/turn               (no ring)

@: fiery-armoured
A: large, unfitting armour, claws 3, regeneration 1, shaggy fur 1, tough skin 1
a: Renounce Religion, Fiery Armour, Foxfire Swarm, Rising Flame


You were on level 7 of the Dungeon.
You worshipped Ignis.
Ignis was greatly pleased with you.
You visited 1 branch of the dungeon, and saw 7 of its levels.
You also visited: Ossuary.

You collected 1214 gold pieces.
You spent 48 gold pieces at shops.


Innate Abilities, Weirdness & Mutations

You are too large for most types of armour.
You have claws for hands.
Your natural rate of healing is unusually fast.
You are covered in fur. (AC +1)
You have tough skin. (AC +1)


   Skills:
 - Level 5.1 Fighting
 - Level 1.0 Throwing
 - Level 1.7 Dodging
 + Level 13.2 Unarmed Combat
 - Level 1.0 Spellcasting
 - Level 2.1 Fire Magic


You had 10 spell levels left.
You didn't know any spells.
Your spell library contained the following spells:

 Spells                   Type           Power      Damage    Failure   Level
 Scorch                   Fire           8%         2d5       22%         2

Inventory:

Missiles
 h - 7 boomerangs (quivered)
Armour
 a - a +0 robe (worn)
Jewellery
 j - a ring of fire
Scrolls
 b - a scroll of brand weapon
 c - 3 scrolls of identify
 k - a scroll of enchant armour {unknown}
Potions
 d - 3 potions of haste
 f - 2 potions of mutation
 g - 5 potions of curing
 i - 2 potions of might

Dungeon Overview and Level Annotations

Branches:
Dungeon (7/15)             Temple (0/1) D:4         Ossuary (visited)

Altars:
Ashenzari
Elyvilon
Fedhas
Hepliaklqana
Makhleb
Okawaru
Qazlal
Ru
The Shining One
Lugonu

Shops:
D:2 ?

Portals:
Abyss: D:4
Bailey: D:7

Annotations:
D:4 2 transporters, qw's ghost, amateur TeWr


Message History

You start waiting.
You feel yourself speed up.
You hear the steady creaking of a portcullis very nearby.
A boulder beetle comes into view.
5994 ||| Stepping ~*~*~tactically~*~*~ (stealth).
The boulder beetle curls into a ball and begins rolling!
5997 ||| INVOKING Fiery Armour.
A protective cloak of flame settles atop you.
You hear the quick creaking of a portcullis very nearby.
The boulder beetle hits you!!!
Ouch! That really hurt!
The boulder beetle stops rolling and uncurls.
You scratch the boulder beetle. You claw the boulder beetle!
The boulder beetle is lightly wounded.
You scratch the boulder beetle.
The boulder beetle is moderately wounded.
The boulder beetle bites you!
The boulder beetle is burned by your cloak of flames.
The boulder beetle is moderately wounded.
6001 ||| DRINKING potion of heal wounds.
You feel much better. The boulder beetle bites you!!
You completely miss the boulder beetle.
The boulder beetle is moderately wounded.
The boulder beetle bites you!
You scratch the boulder beetle but do no damage.
The boulder beetle is moderately wounded.
The boulder beetle bites you but does no damage.
You scratch the boulder beetle.
The boulder beetle is moderately wounded.
You scratch the boulder beetle but do no damage.
The boulder beetle is moderately wounded.
The boulder beetle bites you but does no damage.
You scratch the boulder beetle.
The boulder beetle is moderately wounded.
The boulder beetle closely misses you.
You scratch the boulder beetle but do no damage.
The boulder beetle is moderately wounded.
The boulder beetle bites you!!
You die...

#.........).......
#.................
#.......#.#.......
#....####.#.......
###.#### #.########
##...# #.# ##....##
#.# #..##B.## #.#
#.##.@..# #.########
#.##.##.#####.#.......
#......~......#.#####.
#.)....~~¤.~..#.#...#.
#..%.¤~¤~..¤¤.#.#.###.
#....¤~###~¤¤.#.#.....
#....+~~~¤#...).######
#..~.[¤_8¤#..¤........
#....~~>.~~~..#.######


You could see a boulder beetle.

Vanquished Creatures
  A two-headed ogre (D:7)
  2 gargoyles (D:7)
  A troll (D:7)
  A wyvern (D:7)
  A wraith (D:7)
  A water moccasin (D:6)
  2 black bears (D:5)
  An ice beast (D:7)
  3 ogres
  A kobold brigand (D:5)
  2 scorpions (D:6)
  2 necrophages
  5 wights (D:6)
  2 howler monkeys
  3 centaur zombies (Ossuary)
  6 hounds
  3 jellies
  5 iguanas
  4 orc wizards (D:6)
  6 mummies
  A hound skeleton (D:6)
  4 adders
  A shadow imp (D:6)
  An ufetubus (D:5)
  2 worms
  4 dart slugs
  15 orcs
  3 endoplasms
  3 giant cockroaches
  6 goblins
  4 hobgoblins
  5 jackals
  5 kobolds
  9 quokkas
  4 ball pythons
  2 bats (D:1)
  3 frilled lizards
  4 hobgoblin zombies
  An orc zombie (D:4)
  7 rats
136 creatures vanquished.

Vanquished Creatures (others)
  2 lurking horrors (D:4)
2 creatures vanquished.

Grand Total: 138 creatures vanquished

Notes
Turn   | Place    | Note
-------+----------+-------------------------------------------
     0 | D:1      | qw the Troll Cinder Acolyte began the quest for the Orb.
     0 | D:1      | Reached XP level 1. HP: 22/22 MP: 1/1
     0 | D:1      | 0 ||| qw: Version: 0.1-a-95-gae9e614
     0 | D:1      | 0 ||| qw: Game counter: 4453
     0 | D:1      | 0 ||| qw: Always use a shield: true
     0 | D:1      | 0 ||| qw: God list: Okawaru
     0 | D:1      | 0 ||| qw: Allow faded altars: false
     0 | D:1      | 0 ||| qw: Do Orc after D:15 true
     0 | D:1      | 0 ||| qw: Do second Lair branch before Depths: true
     0 | D:1      | 0 ||| qw: Lair rune preference: random
     0 | D:1      | 0 ||| qw: Plans: Normal
     0 | D:1      | 0 ||| PLANNING D:1-11
   193 | D:1      | Reached XP level 2. HP: 28/29 MP: 2/2
   444 | D:1      | 444 ||| Stepping ~*~*~tactically~*~*~ (stealth).
   450 | D:1      | 450 ||| Stepping ~*~*~tactically~*~*~ (hiding).
   455 | D:1      | Reached skill level 4 in Unarmed Combat
   790 | D:1      | Reached XP level 3. HP: 36/36 MP: 3/3
   968 | D:1      | 968 ||| READING scroll labelled VUIXTO ROMU.
   969 | D:1      | 969 ||| READING scroll labelled ABOVOD BUT BEE.
   970 | D:1      | 970 ||| READING scroll labelled UMECOU SUIGG.
   971 | D:1      | 971 ||| DRINKING 2 sedimented purple potions.
  1080 | D:2      | 1080 ||| Stepping ~*~*~tactically~*~*~ (hiding).
  1191 | D:2      | Found Lutz's Magic Scroll Shop.
  1201 | D:2      | 1201 ||| SHOPLISTING scroll of enchant armour (90 gold,
                  | have 74).
  1201 | D:2      | 1201 ||| BUYING scroll of identify (24 gold).
  1201 | D:2      | Bought a scroll of identify for 24 gold pieces
  1201 | D:2      | 1201 ||| BUYING scroll of identify (24 gold).
  1201 | D:2      | Bought a scroll of identify for 24 gold pieces
  1298 | D:2      | 1298 ||| Stepping ~*~*~tactically~*~*~ (stealth).
  1299 | D:2      | 1299 ||| Stepping ~*~*~tactically~*~*~ (stealth).
  1300 | D:2      | 1300 ||| Stepping ~*~*~tactically~*~*~ (stealth).
  1312 | D:2      | 1312 ||| Stepping ~*~*~tactically~*~*~ (stealth).
  1751 | D:2      | 1751 ||| READING scroll labelled PIKIOK ESUHAI.
  1752 | D:2      | 1752 ||| READING 3 scrolls of identify.
  1752 | D:2      | 1752 ||| IDENTIFYING ruby potion
  1753 | D:2      | 1753 ||| READING 2 scrolls of identify.
  1753 | D:2      | 1753 ||| IDENTIFYING green potion
  1754 | D:2      | 1754 ||| DROPPING potion of lignification.
  1755 | D:2      | 1755 ||| DROPPING potion of magic.
  1756 | D:2      | 1756 ||| Stepping randomly (stuck).
  1757 | D:2      | 1757 ||| Stepping ~*~*~tactically~*~*~ (cloud).
  1938 | D:3      | 1938 ||| Stepping ~*~*~tactically~*~*~ (stealth).
  1988 | D:3      | 1988 ||| Stepping ~*~*~tactically~*~*~ (stealth).
  2069 | D:3      | Reached skill level 5 in Unarmed Combat
  2069 | D:3      | Reached XP level 4. HP: 38/44 MP: 4/4
  2206 | D:3      | Found a sacrificial altar of Ru.
  2206 | D:3      | Found a hazy altar of Hepliaklqana.
  2214 | D:3      | Found a white marble altar of Elyvilon.
  2216 | D:3      | Found an iron altar of Okawaru.
  2218 | D:3      | Found a glowing golden altar of the Shining One.
  2238 | D:3      | 2238 ||| Stepping ~*~*~tactically~*~*~ (stealth).
  2428 | D:3      | 2428 ||| READING scroll labelled OKEPUH UZOG.
  2429 | D:3      | 2429 ||| DRINKING 2 bubbling grey potions.
  2430 | D:3      | 2430 ||| DRINKING 2 metallic brown potions.
  2431 | D:3      | 2431 ||| READING 3 scrolls of identify.
  2431 | D:3      | 2431 ||| IDENTIFYING inky potion
  2432 | D:3      | 2432 ||| READING 2 scrolls of identify.
  2432 | D:3      | 2432 ||| IDENTIFYING sedimented ruby potion
  2433 | D:3      | 2433 ||| DROPPING potion of attraction.
  2468 | D:4      | 2468 ||| PLANNING OSSUARY
  2557 | D:4      | Found a sand-covered staircase.
  2576 | Ossuary  | Entered an ossuary
  2582 | Ossuary  | 2582 ||| Stepping ~*~*~tactically~*~*~ (outnumbered).
  2584 | Ossuary  | 2584 ||| Stepping ~*~*~tactically~*~*~ (outnumbered).
  2586 | Ossuary  | 2586 ||| Stepping ~*~*~tactically~*~*~ (outnumbered).
  2587 | Ossuary  | 2587 ||| Stepping ~*~*~tactically~*~*~ (outnumbered).
  2589 | Ossuary  | 2589 ||| INVOKING Fiery Armour.
  2590 | Ossuary  | 2590 ||| Stepping ~*~*~tactically~*~*~ (outnumbered).
  2597 | Ossuary  | Reached XP level 5. HP: 46/50 MP: 5/5
  2600 | Ossuary  | Reached skill level 6 in Unarmed Combat
  2604 | Ossuary  | 2604 ||| Stepping ~*~*~tactically~*~*~ (outnumbered).
  2605 | Ossuary  | 2605 ||| Stepping ~*~*~tactically~*~*~ (outnumbered).
  2606 | Ossuary  | 2606 ||| Stepping ~*~*~tactically~*~*~ (outnumbered).
  2607 | Ossuary  | 2607 ||| Stepping ~*~*~tactically~*~*~ (outnumbered).
  2609 | Ossuary  | 2609 ||| Stepping ~*~*~tactically~*~*~ (outnumbered).
  2889 | Ossuary  | 2889 ||| READING 3 scrolls labelled QOXTOS FEUFF.
  2890 | Ossuary  | 2890 ||| READING scroll labelled QOBROUJ FILOGA.
  2891 | Ossuary  | 2891 ||| READING scroll labelled QURIACUSUN.
  2891 | Ossuary  | Identified a scroll of acquirement
  2891 | Ossuary  | 2891 ||| ACQUIRING 874 gold pieces
  2891 | Ossuary  | Acquired 874 gold pieces
  2893 | Ossuary  | 2893 ||| READING scroll labelled GYCVIPH WEOTI.
  2894 | Ossuary  | 2894 ||| DROPPING 2 scrolls of summoning.
  2903 | D:4      | 2903 ||| PLANNING D:1-11
  2969 | D:4      | Noticed an ogre
  2977 | D:4      | 2977 ||| INVOKING Fiery Armour.
  2978 | D:4      | Killed an ogre
  2979 | D:4      | Reached skill level 7 in Unarmed Combat
  2979 | D:4      | Reached XP level 6. HP: 29/59 MP: 6/6
  3016 | D:4      | Found a transporter.
  3094 | D:4      | Found a transporter.
  3097 | D:4      | Noticed qw's ghost (amateur TeWr)
  3149 | D:4      | Found a staircase to the Ecumenical Temple.
  3462 | D:4      | 3462 ||| Stepping ~*~*~tactically~*~*~ (stealth).
  3466 | D:4      | 3466 ||| Stepping ~*~*~tactically~*~*~ (stealth).
  3514 | D:4      | Found a one-way gate to the infinite horrors of the Abyss.
  3533 | D:4      | Found a corrupted altar of Lugonu.
  3647 | D:4      | 3647 ||| READING scroll labelled RIUSEL IW FEL.
  3648 | D:4      | 3648 ||| READING 3 scrolls of identify.
  3648 | D:4      | 3648 ||| IDENTIFYING dark potion
  3649 | D:4      | 3649 ||| READING 2 scrolls of identify.
  3649 | D:4      | 3649 ||| IDENTIFYING sedimented emerald potion
  3650 | D:4      | 3650 ||| DROPPING potion of brilliance.
  3677 | D:5      | Entered Level 5 of the Dungeon
  3834 | D:5      | Reached skill level 8 in Unarmed Combat
  3834 | D:5      | Reached XP level 7. HP: 66/66 MP: 7/7
  3844 | D:5      | Reached skill level 3 in Fighting
  3848 | D:5      | 3848 ||| Stepping ~*~*~tactically~*~*~ (stealth).
  3853 | D:5      | 3853 ||| Stepping ~*~*~tactically~*~*~ (stealth).
  3929 | D:5      | 3929 ||| Stepping ~*~*~tactically~*~*~ (stealth).
  4042 | D:5      | Reached skill level 9 in Unarmed Combat
  4142 | D:5      | Reached skill level 1 in Dodging
  4238 | D:5      | Reached XP level 8. HP: 75/75 MP: 8/8
  4461 | D:5      | 4461 ||| READING 3 scrolls of identify.
  4461 | D:5      | 4461 ||| IDENTIFYING lumpy brown potion
  4462 | D:5      | 4462 ||| DROPPING potion of invisibility.
  4503 | D:6      | 4503 ||| STAIRDANCE
  4569 | D:6      | Reached skill level 10 in Unarmed Combat
  4585 | D:6      | 4585 ||| Stepping ~*~*~tactically~*~*~ (hiding).
  4696 | D:6      | 4696 ||| FLEEEEING.
  4697 | D:6      | 4697 ||| FLEEEEING.
  4698 | D:6      | 4698 ||| FLEEEEING.
  4708 | D:6      | 4708 ||| Stepping ~*~*~tactically~*~*~ (outnumbered).
  4770 | D:6      | Found a broken altar of Ashenzari.
  4781 | D:6      | Reached skill level 1 in Throwing
  4839 | D:6      | 4839 ||| Stepping ~*~*~tactically~*~*~ (stealth).
  4907 | D:6      | Identified the +4 quarterstaff of the Hero {venom, Int+4}
  5012 | D:6      | 5012 ||| Stepping ~*~*~tactically~*~*~ (outnumbered).
  5013 | D:6      | 5013 ||| Stepping ~*~*~tactically~*~*~ (outnumbered).
  5014 | D:6      | 5014 ||| Stepping ~*~*~tactically~*~*~ (outnumbered).
  5048 | D:6      | Found a blossoming altar of Fedhas.
  5050 | D:6      | 5050 ||| Stepping ~*~*~tactically~*~*~ (stealth).
  5056 | D:6      | 5056 ||| Stepping ~*~*~tactically~*~*~ (outnumbered).
  5280 | D:6      | Found a burning altar of Makhleb.
  5468 | D:6      | 5468 ||| READING scroll labelled AKAJIN FOICH.
  5469 | D:6      | 5469 ||| READING 4 scrolls of identify.
  5469 | D:6      | 5469 ||| IDENTIFYING lumpy sapphire potion
  5470 | D:6      | 5470 ||| DROPPING potion of ambrosia.
  5534 | D:7      | Reached skill level 11 in Unarmed Combat
  5534 | D:7      | Reached XP level 9. HP: 69/84 MP: 9/9
  5598 | D:7      | Found a stormy altar of Qazlal.
  5612 | D:7      | Found a flagged portal.
  5642 | D:7      | Noticed a gargoyle
  5643 | D:7      | 5643 ||| Stepping ~*~*~tactically~*~*~ (stealth).
  5644 | D:7      | 5644 ||| Stepping ~*~*~tactically~*~*~ (stealth).
  5645 | D:7      | 5645 ||| Stepping ~*~*~tactically~*~*~ (stealth).
  5647 | D:7      | 5647 ||| Stepping ~*~*~tactically~*~*~ (stealth).
  5652 | D:7      | 5652 ||| INVOKING Fiery Armour.
  5654 | D:7      | Killed a gargoyle
  5722 | D:7      | Noticed a two-headed ogre
  5725 | D:7      | Noticed a gargoyle
  5726 | D:7      | 5726 ||| Stepping ~*~*~tactically~*~*~ (hiding).
  5727 | D:7      | 5727 ||| FLEEEEING.
  5728 | D:7      | 5728 ||| FLEEEEING.
  5729 | D:7      | 5729 ||| FLEEEEING.
  5730 | D:7      | 5730 ||| FLEEEEING.
  5731 | D:7      | 5731 ||| FLEEEEING.
  5732 | D:7      | 5732 ||| FLEEEEING.
  5733 | D:7      | 5733 ||| FLEEEEING.
  5734 | D:7      | 5734 ||| FLEEEEING.
  5735 | D:7      | 5735 ||| FLEEEEING.
  5736 | D:7      | 5736 ||| FLEEEEING.
  5737 | D:7      | 5737 ||| FLEEEEING.
  5738 | D:7      | 5738 ||| FLEEEEING.
  5739 | D:7      | 5739 ||| FLEEEEING.
  5740 | D:7      | 5740 ||| FLEEEEING.
  5741 | D:7      | 5741 ||| FLEEEEING.
  5742 | D:7      | 5742 ||| FLEEEEING.
  5743 | D:7      | 5743 ||| FLEEEEING.
  5744 | D:7      | 5744 ||| FLEEEEING.
  5745 | D:7      | 5745 ||| FLEEEEING.
  5746 | D:7      | 5746 ||| FLEEEEING.
  5747 | D:7      | 5747 ||| FLEEEEING.
  5748 | D:7      | 5748 ||| FLEEEEING.
  5751 | D:7      | Killed a two-headed ogre
  5752 | D:7      | Reached skill level 12 in Unarmed Combat
  5757 | D:7      | Killed a gargoyle
  5871 | D:7      | Noticed a troll
  5877 | D:7      | Killed a troll
  5878 | D:7      | Reached skill level 13 in Unarmed Combat
  5993 | D:7      | Noticed a boulder beetle
  5994 | D:7      | 5994 ||| Stepping ~*~*~tactically~*~*~ (stealth).
  5997 | D:7      | 5997 ||| INVOKING Fiery Armour.
  6000 | D:7      | HP: 19/88 [boulder beetle (17)]
  6001 | D:7      | 6001 ||| DRINKING potion of heal wounds.
  6007 | D:7      | Slain by a boulder beetle

Levels and vault maps discovered:
D:1:      sevenhm_arrival_forest_fort_large_2, layout_basic,
          amcnicky_mini_corridor_feature, minmay_tetromino_o4
D:2:      layout_basic, serial_shops, shop_statue, dreamdust_princess_corridor,
          hangedman_decor_points
D:3:      layout_basic, chequers_temple_overflow_minitemple
D:4:      layout_basic, minmay_temple_entry_sparse_star,
          gammafunk_ghost_mausoleum, nicolae_ossuary_entry_giza,
          minmay_curled_crystal, minmay_crystal_water,
          hangedman_abyss_or_decor_stabs, minivault_5,
          amcnicky_altar_lugonu_corruption
D:5:      layout_basic, hex_large, minmay_manual_monolith
D:6:      layout_loops_ring, makhleb_blood_cavern_becter,
          mainiacjoe_overflow_six_doors_small, lemuel_crystal_altar
D:7:      minmay_blocky_corners, layout_basic, nicolae_qazlal_general_emergency,
          enter_bailey_2

Skill      XL: |  1  2  3  4  5  6  7  8  9 |
---------------+----------------------------+-----
Unarmed Combat | 4 5 7 8 9 11 13 | 13.2
Fighting       | 3 4 5 |  5.1
Dodging        | 1 |  1.7
Throwing       | 1 |  1.0
Spellcasting   | |  1.0
Fire Magic     | |  2.1

Action                   |  1- 3 |  4- 6 |  7- 9 || total
-------------------------+-------+-------+-------++-------
Melee: Unarmed           |   116 |    70 |   158 ||   344
       Punch             |       |     2 |     9 ||    11
Throw: Boomerang         |       |       |    52 ||    52
Invok: Fiery Armour      |       |     2 |     2 ||     4
  Use: Scroll            |     6 |    10 |     3 ||    19
       Potion            |     1 |     2 |     1 ||     4
Armor: Robe              |    28 |    21 |    25 ||    74
Dodge: Dodged            |    33 |    20 |    46 ||    99

Table legend:
 A = Non-vault XP
 B = Vault XP
 C = Vault XP percentage of total XP
 D = Non-vault monster count
 E = Vault monster count
 F = Vault count percentage of total count
                 A         B        C        D         E       F
            +---------+---------+-------+---------+---------+-------
      Total |    2688 |    2728 |  50.4 |     107 |      29 |  21.3
            +---------+---------+-------+---------+---------+-------
        D:1 |      40 |      12 |  23.1 |      23 |       4 |  14.8
        D:2 |      36 |       0 |   0.0 |      17 |       0 |   0.0
        D:3 |      26 |       0 |   0.0 |       9 |       0 |   0.0
        D:4 |     139 |      23 |  14.2 |       9 |       3 |  25.0
        D:5 |     833 |     195 |  19.0 |      13 |       4 |  23.5
        D:6 |    1135 |      99 |   8.0 |      31 |       2 |   6.1
        D:7 |     479 |    2169 |  81.9 |       5 |       5 |  50.0
    Ossuary |       0 |     230 | 100.0 |       0 |      11 | 100.0
            +---------+---------+-------+---------+---------+-------
